 Dungeon Crawl Stone Soup version 0.27.1 (webtiles) character file.

Game seed: 13296525154196490103

165 ZARRMARR the Magician (level 5, -1/28 HPs)
             Began as a Deep Elf Air Elementalist on Sept 1, 2021.
             Was an Initiate of Ru.
             Slain by an orc warrior (8 damage)
             ... on level 4 of the Dungeon.
             The game lasted 00:11:35 (3866 turns).

ZARRMARR the Magician (Deep Elf Air Elementalist)   Turns: 3866, Time: 00:11:35

Health: -1/28      AC:  6    Str:  5    XL:     5   Next: 21%
Magic:  11/14      EV: 13    Int: 21    God:    Ru [......]
Gold:   136        SH:  0    Dex: 15    Spells: 10/14 levels left

rFire    . . .     SeeInvis .   (no weapon)
rCold    . . .     Faith    .   (no shield)
rNeg     . . .     Spirit   .   a - +2 robe
rPois    .         Reflect  .   k - +2 hat
rElec    .         Harm     .   (no cloak)
rCorr    .         Rampage  .   (no gloves)
Will     .....                  (no boots)
Stlth    ++........             (no amulet)
HPRegen  0.09/turn              (no ring)
MPRegen  0.14/turn              (no ring)

@: no status effects
A: no striking features
a: Renounce Religion


You were on level 4 of the Dungeon.
You worshipped Ru.
Ru was noncommittal.
You visited 1 branch of the dungeon, and saw 4 of its levels.

You collected 136 gold pieces.

Inventory:

Missiles
 b - 41 arrows
 l - 7 curare-tipped darts (quivered)
Armour
 a - a +2 robe (worn)
 k - a +2 hat (worn)
Scrolls
 c - a scroll of amnesia
 g - a scroll of fear
 i - a scroll of vulnerability {unknown}
 j - a scroll of fog {unknown}
Potions
 d - 2 potions of curing {unknown}
 e - 3 potions of mutation {unknown}
 f - a potion of haste {unknown}
 h - 6 potions of heal wounds
 m - 2 potions of might {unknown}
 n - a potion of resistance {unknown}


   Skills:
 * Level 3.8 Dodging
 - Level 2.4 Stealth
 + Level 5.0 Spellcasting
 - Level 1.1 Conjurations
 + Level 4.4 Air Magic


You had 10 spell levels left.
You knew the following spells:

 Your Spells              Type           Power      Damage    Failure   Level
a - Shock                 Conj/Air       64%        1d7       3%          1
b - Swiftness             Air            23%        N/A       5%          3

Your spell library contained the following spells:

 Spells                   Type           Power      Damage    Failure   Level
 Static Discharge         Conj/Air       16%        N/A       5%          2
 Airstrike                Air            11%        N/A       17%         4
 Gell's Gravitas          Tloc           2%         N/A       32%         3
 Teleport Other           Tloc           5%         N/A       32%         3
 Dispersal                Tloc           2%         N/A       100%        6


Dungeon Overview and Level Annotations

Branches:
Dungeon (4/15)
 Temple: D:4-7

Altars:
Cheibriados
Gozag
Okawaru
Qazlal
Ru
Trog

Annotations:
D:4 Edmund


Message History

An orc comes into view. It is wielding a +0 trident.
Throw: 8 darts (curare)
Press: ? - help, Q - select action, (/) - cycle Shift-Dir - straight line, f - orc
Aim: an orc, wielding a +0 trident and wearing a +0 ring mail (asleep, 98% to hit)
You throw a curare-tipped dart. The curare-tipped dart hits the orc.
The orc is poisoned.
The orc convulses.
The orc seems to slow down.
The orc is severely wounded.
You kill the orc!
An orc comes into view. It is wielding a +0 club.
Found 19 stones.
The orc moves out of view.
An orc and an orc warrior come into view.
The orc warrior barely misses you. The orc warrior misses you.
The orc warrior closely misses you.
There is a stone staircase leading up here.
Casting: Shock (safe; 3% risk of failure)
Confirm with . or Enter, or press ? or * to list all spells.
Aiming: Shock (safe; 3% risk of failure)
Press: ? - help, Shift-Dir - straight line, f - orc warrior
Aim: an orc warrior, wielding a +0 halberd and wearing a +0 chain mail (68% to hit)
The zap hits the orc warrior but does no damage.
Unknown command.
Casting: Shock (safe; 3% risk of failure)
Confirm with . or Enter, or press ? or * to list all spells.
Aiming: Shock (safe; 3% risk of failure)
Press: ? - help, Shift-Dir - straight line, f/p - orc warrior
Aim: an orc warrior, wielding a +0 halberd and wearing a +0 chain mail (68% to hit)
The zap misses the orc warrior.
Casting: Shock (safe; 3% risk of failure)
Confirm with . or Enter, or press ? or * to list all spells.
Aiming: Shock (safe; 3% risk of failure)
Press: ? - help, Shift-Dir - straight line, f/p - orc warrior
Aim: an orc warrior, wielding a +0 halberd and wearing a +0 chain mail (68% to hit)
The zap hits the orc warrior but does no damage.
The orc warrior hits you from afar with a +0 halberd!!
Ouch! That really hurt!
* * * LOW HITPOINT WARNING * * *
The orc warrior hits you from afar with a +0 halberd!
You die...

###########
####.........#######
..#..........[...@.
#.#.........#
#...........# #..........#
##..###.##.#####.#
#...##..##.......# .
###..#รท@.##.......##
....#....#.###.........# #
#.#.......oo.##..........#
..
#.#.?.....#####.....<....#
#.##.^.....#..
#..........#
#.#...........#
#..........#
.....#......)o.
..........##
##.#.......(....
..$....#........


You could see an orc warrior and an orc.

Vanquished Creatures
  A hound (D:3)
  5 adders
  3 gnolls (D:3)
  A worm (D:2)
  A dart slug (D:1)
  5 orcs
  2 endoplasms (D:1)
  2 giant cockroaches
  A goblin (D:2)
  5 hobgoblins
  3 jackals (D:1)
  9 kobolds
  4 ball pythons
  4 bats
  2 frilled lizards
  8 rats
56 creatures vanquished.

Notes
Turn   | Place    | Note
-------+----------+-------------------------------------------
     0 | D:1      | ZARRMARR the Deep Elf Air Elementalist began the quest for
                  | the Orb.
     0 | D:1      | Reached XP level 1. HP: 10/10 MP: 6/6
   283 | D:1      | Reached XP level 2. HP: 15/15 MP: 4/8
  1242 | D:1      | Found a faded altar of an unknown god.
  1599 | D:2      | Reached XP level 3. HP: 12/19 MP: 1/10
  1719 | D:2      | Learned a level 3 spell: Swiftness
  2329 | D:2      | Reached skill level 4 in Spellcasting
  2711 | D:3      | Found a bloodstained altar of Trog.
  2736 | D:3      | Reached XP level 4. HP: 24/24 MP: 7/12
  3084 | D:3      | Reached XP level 5. HP: 28/28 MP: 5/14
  3223 | D:3      | Found a sacrificial altar of Ru.
  3225 | D:3      | Found an opulent altar of Gozag.
  3226 | D:3      | Found a snail-covered altar of Cheibriados.
  3233 | D:3      | Became a worshipper of Ru the Awakened
  3384 | D:3      | Found an iron altar of Okawaru.
  3658 | D:4      | Reached skill level 5 in Spellcasting
  3714 | D:4      | Noticed Edmund
  3766 | D:4      | Found a stormy altar of Qazlal.
  3802 | D:4      | Noticed an ogre
  3856 | D:4      | Noticed an orc warrior
  3866 | D:4      | Slain by an orc warrior

Illustrated notes

Levels and vault maps discovered:
D:1:      wander_arrival_lonely_grave, layout_basic,
          dilly_ecumenical_altar_fadedgnrine, minmay_misc_feat_columns
D:2:      layout_loops_cross, minmay_misc_feat_tower
D:3:      layout_loops_ring, mainiacjoe_overflow_catwalk,
          mainiacjoe_overflow_tiny_flanked, grunt_temple_overflow_open
D:4:      layout_rooms, mainiacjoe_overflow_concentric_impassable, nrook_uturn,
          uniq_edmund, uniq_natasha

Skill      XL: |  1  2  3  4  5 |
---------------+----------------+-----
Dodging        | 3 |  3.8
Spellcasting   | 4 5 |  5.0
Air Magic      | 4 |  4.4
Stealth        | |  2.4
Conjurations   | |  1.1

Action                   |  1- 3 |  4- 6 || total
-------------------------+-------+-------++-------
Melee: Unarmed           |    10 |       ||    10
Throw: Dart              |       |     2 ||     2
 Cast: Shock             |    96 |    56 ||   152
  Use: Scroll            |     5 |       ||     5
       Potion            |     1 |       ||     1
Armor: Robe              |    10 |     9 ||    19
Dodge: Dodged            |    22 |    13 ||    35
